 Dungeon Crawl Stone Soup version 0.29-a0-284-gf9362112df (webtiles) character file.

Game seed: 15779531583049165142

123 garrulousMonolith the Chopper (level 5, 0/46 HPs)
             Began as a Hill Orc Monk on Mar 23, 2022.
             Slain by a black bear (7 damage)
             ... on level 3 of the Dungeon.
             The game lasted 00:05:12 (3360 turns).

garrulousMonolith the Chopper (Hill Orc Monk)       Turns: 3360, Time: 00:05:12

Health: 0/46       AC: 10    Str: 16    XL:     5   Next: 7%
Magic:  6/6        EV:  7    Int: 10    God:
Gold:   32         SH:  6    Dex: 13    Spells: 4/4 levels left

rFire   . . .      SeeInvis .   a - +0 hand axe
rCold   . . .      Faith    .   b - +2 buckler
rNeg    . . .      Spirit   .   t - +0 chain mail
rPois   +          Reflect  .   s - +0 helmet
rElec   .          Harm     .   c - +0 cloak
rCorr   .          Rampage  .   (no gloves)
Will    .....                   (no boots)
Stlth   ..........              (no amulet)
HPRegen 0.15/turn               l - ring of poison resistance
MPRegen 0.10/turn               (no ring)

@: no status effects
A: no striking features
a: no special abilities


You were on level 3 of the Dungeon.
You visited 1 branch of the dungeon, and saw 4 of its levels.

You collected 155 gold pieces.
You spent 123 gold pieces at shops.

Inventory:

Hand Weapons
 a - a +0 hand axe (weapon)
 r - a +0 mace of venom
Missiles
 i - 103 stones
 o - 3 poisoned darts (quivered)
Armour
 b - a +2 buckler (worn)
 c - a +0 cloak (worn)
 s - a +0 helmet (worn)
 t - a +0 chain mail (worn)
Jewellery
 l - a ring of poison resistance (left hand)
Scrolls
 e - 3 scrolls of fear {unknown}
 g - 6 scrolls of teleportation
 h - a scroll of torment {unknown}
 j - a scroll of amnesia {unknown}
 k - a scroll of immolation {unknown}
 m - 3 scrolls of blinking
 p - 2 scrolls of vulnerability {unknown}
Potions
 d - a potion of lignification
 f - a potion of brilliance {unknown}
 n - a potion of invisibility
 q - a potion of attraction


   Skills:
 + Level 4.2 Fighting
 * Level 5.4 Axes
 + Level 1.8 Armour
 - Level 2.4 Dodging
 - Level 1.5 Stealth
 + Level 1.5 Shields
 + Level 2.3 Invocations


You had 4 spell levels left.
You didn't know any spells.
Your spell library contained the following spells:

 Spells                   Type           Power      Damage    Failure   Level
 Sublimation of Blood     Necr           0%         N/A       100%        2
 Petrify                  Tmut/Erth      0%         N/A       100%        4
 Irradiate                Conj/Tmut      0%         3d13      100%        5


Dungeon Overview and Level Annotations

Branches:
Dungeon (4/15)
 Temple: D:4-7

Altars:
Cheibriados

Shops:
D:3 ?


Message History

The black bear claws you.
* * * LOW HITPOINT WARNING * * *
The black bear attacks as you move away!
The black bear bites you.
* * * LOW HITPOINT WARNING * * *
The black bear completely misses you.
The black bear claws you but does no damage.
The black bear attacks as you move away!
You block the black bear's attack.
The black bear claws you but does no damage. x2
The black bear attacks as you move away!
The black bear completely misses you.
The black bear claws you but does no damage. x2
There is a stone staircase leading up here.
The black bear bites you.
* * * LOW HITPOINT WARNING * * *
The black bear barely misses you.
The black bear claws you but does no damage.
The black bear attacks as you move away!
You block the black bear's attack.
The black bear claws you but does no damage.
You block the black bear's attack.
The black bear attacks as you move away!
The black bear closely misses you. The black bear barely misses you.
The black bear claws you but does no damage.
The black bear attacks as you move away!
The black bear bites you but does no damage.
The black bear barely misses you. You block the black bear's attack.
The black bear attacks as you move away!
The black bear bites you but does no damage.
The black bear claws you but does no damage.
The black bear barely misses you.
The black bear attacks as you move away!
The black bear bites you but does no damage.
The black bear claws you.
* * * LOW HITPOINT WARNING * * *
The black bear claws you but does no damage.
The black bear attacks as you move away!
The black bear bites you!
You die...

......# #.....##........#
#.#.
......#####.....###########
#.#. .........##.....# #...
................# ##..
................# #..
######..........#### #..
#.............# ##.
#..........h#.# #.
######.....@#.# #####.
#....)#.#.# #.....
#.###...#.#### #.....
#.#[..#......# #.....
#.#....<.....# #######.
#.#####......# #....##.
##########............#
#....##.
...........#####......#
#....##.
.⌠.........+..........#
#....'..


You could see a black bear.

Vanquished Creatures
  Crazy Yiuf (D:2)
  Jessica (D:2)
  An adder (D:1)
  2 worms
  A dart slug (D:2)
  An orc (D:3)
  7 ball pythons
  3 endoplasms
  2 giant cockroaches
  2 hobgoblins
  4 jackals (D:2)
  A quokka (D:1)
  4 bats
  3 frilled lizards
  7 goblins
  7 kobolds
  5 rats
52 creatures vanquished.

Vanquished Creatures (others)
  4 fungi (D:2)
4 creatures vanquished.

Grand Total: 56 creatures vanquished

Notes
Turn   | Place    | Note
-------+----------+-------------------------------------------
     0 | D:1      | garrulousMonolith the Hill Orc Monk began the quest for the
                  | Orb.
     0 | D:1      | Reached XP level 1. HP: 19/19 MP: 1/1
    86 | D:1      | Found a faded altar of an unknown god.
   368 | D:1      | Reached XP level 2. HP: 19/27 MP: 2/2
   713 | D:1      | Reached skill level 1 in Invocations
   837 | D:2      | Reached skill level 1 in Armour
   838 | D:2      | Reached XP level 3. HP: 25/33 MP: 3/3
  1338 | D:2      | Reached skill level 1 in Shields
  1376 | D:2      | Found a runed translucent door.
  1377 | D:2      | Noticed Crazy Yiuf
  1682 | D:2      | Found a snail-covered altar of Cheibriados.
  2071 | D:2      | Noticed Jessica
  2079 | D:2      | Killed Jessica
  2080 | D:2      | Reached skill level 5 in Axes
  2080 | D:2      | Reached XP level 4. HP: 40/40 MP: 5/5
  2324 | D:2      | Killed Crazy Yiuf
  2874 | D:3      | Reached XP level 5. HP: 44/46 MP: 6/6
  2919 | D:3      | Found Vycure's Magic Scroll Emporium.
  2927 | D:3      | Bought a scroll of blinking for 97 gold pieces
  2927 | D:3      | Bought a scroll of identify for 26 gold pieces
  3308 | D:4      | Noticed a black bear
  3360 | D:3      | Slain by a black bear

Illustrated notes

Levels and vault maps discovered:
D:1:      saegor_arrival_simple_b, layout_basic, ebering_ecumenical_altar_box
D:2:      layout_loops_cross, basic_altar, wad_floor_pattern_untrapped,
          minmay_heptomino_d4, uniq_jessica, uniq_crazy_yiuf_cottage
D:3:      layout_basic, serial_shops, shop_fountains
D:4:      layout_basic, serial_undead, serial_undead_c, serial_undead_c,
          serial_undead_c, serial_undead_e, uniq_duvessa

Skill      XL: |  1  2  3  4 |
---------------+-------------+-----
Invocations    | 1 2 |  2.3
Armour         | 1 |  1.8
Shields        | 1 |  1.5
Fighting       | 4 |  4.2
Axes           | 5 |  5.4
Dodging        | |  2.4
Stealth        | |  1.5

Action                   |  1- 3 |  4- 6 || total
-------------------------+-------+-------++-------
Melee: Hand axe          |   126 |    56 ||   182
Throw: Stone             |    13 |       ||    13
       Dart              |    11 |     4 ||    15
  Use: Potion            |       |     1 ||     1
       Scroll            |       |     4 ||     4
 Stab: Sleeping          |     2 |       ||     2
Armor: Robe              |     7 |       ||     7
       Ring mail         |    29 |     3 ||    32
       Chain mail        |       |    39 ||    39
Dodge: Dodged            |    53 |    34 ||    87
Block: Buckler           |    14 |    23 ||    37

Table legend: (Time is in decaauts)
 A = Elapsed time spent in this place.
 B = Non-inter-level travel time spent in this place.
 C = Inter-level travel time spent in this place.
 D = Time resting spent in this place.
 E = Time spent auto-exploring this place.
 F = Levels seen in this place.
 G = Mean time per level.
                   A        B        C        D        E       F      G
               +--------+--------+--------+--------+--------+-----+--------+
         Total |   3381 |   3195 |    186 |    869 |   1615 |   4 |  845.2 |
       Dungeon |   3381 |   3195 |    186 |    869 |   1615 |   4 |  845.2 |
               +--------+--------+--------+--------+--------+-----+--------+

Top non-repeatable levels by time:
     D:2: 1568 daAuts
     D:1: 1075 daAuts
     D:3: 722 daAuts
     D:4: 14 daAuts
